← All builds
Geo / Cortex / Economy first / OBSERVED BUILD

Standard geo

Cortex Geo build order · Supreme Isthmus

Standard Cortex Geo play: fast geothermal and advanced geothermal into T2 bot lab, blowing up the commander for T2 and supplying teammates with constructors and rez bots while bringing Sheldons and other T2 bots to front.

Usually blows up the commander for T2 (71%)

#eco #t2 #team support · 247 distinct matches · 92 players · 32% of Cortex Geo games · team won 44% of 253 · Recently observed

THE CATCH, AND WHAT COMES WITH IT
  • SumoSumo in 42%17% of all Geo games by then
  • ArbiterArbiter in 42%18% of all Geo games by then

Then transitions into Sheldon (26% of army), Sumo (9% of army), Arbiter (8% of army).

HOW TO PLAY IT

Key timing: T2 bot lab by 8:03

  1. Open 3 mex into early Bot Lab and solar.
  2. Bring geothermal online fast to fund the tech rush.
  3. Finish Advanced Bot Lab to unlock T2 bot units.
  4. Push Sheldon (and Arbiter, Sumo) to front as the first T2 units.
  5. Switch into T2 construction bots to supply allies with T2 cons.

Phase by phase

TYPICAL OF ITS 247 GAMES · AGAINST STANDARD GEO
  1. 1
  2. 2
  3. 3
  4. 4
PLAY THE OPENING

Follow the example game's first 6:00 step by step: what to build now, what comes next, and where it goes. At 1× it keeps pace with your own game.

  1. 1

    Up to the Bot Lab

    Economy
    • Metal Extractor3Mex
    • Wind Turbine4Wind
    Order
    1. Bot LabBot Lab after 3 mex, 4 winddone ~1:13, middle half 0:57–1:23

    By 0:56 in all: 3 mex · 4 wind

    The example game in this phase · 7 steps
    1. Mex ×2
    2. Wind
    3. GuardGuard
    4. Mex
    5. Wind ×4
    6. Energy storage
    7. Bot LabBot Labdone 1:54 · typical 1:13
  2. 2

    Bot Lab to 5:00

    Economy
    • Metal Extractor1Mex
    • Wind Turbine4Wind−4 vs standard
    • Energy Converter8Converter
    • Energy Storage1Energy storage
    Order
    1. Geothermal PowerplantGeo after 4 mex, 6 wind, 1 energy storage
    2. Bot LabEat Bot Lab
    Builders
    • Construction Turret5 Con turret +3 vs standard
    • Graverobber4 Graverobber
    • Construction Bot2 Con bot
    • Construction Bot1 Con bot for allies
    • Graverobber1 Graverobber for allies

    By 5:00 in all: 4 mex · 7 wind (standard 10) · 1 geo · 8 converter · 1 energy storage · 5 con turret (standard 2)

    The example game in this phase · 17 steps
    1. GraverobberGraverobber ×2
    2. Construction BotCon botfor Beach sea
    3. GraverobberGraverobber
    4. Construction BotCon bot
    5. GraverobberGraverobberfor Beach sea
    6. Mex
    7. GraverobberGraverobber
    8. Geothermal PowerplantGeodone 3:31 · typical 3:25
    9. Bot LabEat Bot Labreclaimed for its metal
    10. Con turret ×3
    11. Converter ×2
    12. Con turret
    13. Converter ×4
    14. Con turret
    15. Converter
    16. Advanced Metal ExtractorT2 mex ×2done 5:02 · typical 5:38
    17. PrudePrudedone 6:12
  3. 3

    5:00 to Advanced Bot Lab

    Economy
    • Wind Turbine3Wind
    • Energy Converter2Converter
    Order
    1. Advanced Geothermal PowerplantAdvanced Geothermal Powerplant after 9 wind, 12 converter, 6 con turretin 61% of games
    2. Advanced Bot LabAdvanced Bot Lab after 13 wind, 12 converter, 6 con turretdone ~7:55, middle half 7:31–8:28

    Some games also: con turret (50%)

    By 7:15 in all: 4 mex · 12 wind · 1 geo · 1 Advanced Geothermal Powerplant · 12 converter (standard 8) · 1 energy storage

    The example game in this phase · 4 steps
    1. Advanced Metal ExtractorT2 mex ×2
    2. Bot LabBot Labdone 6:17
    3. Construction BotCon bot ×7
    4. Advanced Bot LabAdvanced Bot Labdone 7:28 · typical 7:55
  4. 4

    Advanced Bot Lab to 10:00

    Economy
    • Energy Converter3Converter+3 vs standard
    Army
    • Sheldon3 Sheldon +3 vs standard
    • Augur1 Radar bot

    Some games also: jammer bot (49%) · T2 con bot for allies (46%) · wind (39%) · con turret (36%) · crawling bomb (33%)

    By 10:00 in all: 4 mex · 17 wind · 1 geo · 1 Advanced Geothermal Powerplant · 16 converter (standard 10) · 1 energy storage

    The example game in this phase · 139 steps
    1. Construction BotCon bot
    2. Wind ×2
    3. Mexfor Beach sea
    4. Wind ×2
    5. Windfor Beach sea
    6. Wind
    7. Bot LabEat Bot Labreclaimed for its metal
    8. Converter
    9. Wind ×2
    10. Converter
    11. Mexfor Beach sea
    12. Wind
    13. Windfor Beach sea
    14. Wind
    15. SheldonSheldondone 7:39 · typical 8:42
    16. Wind ×2
    17. Mexfor Beach sea
    18. AugurRadar bot
    19. Wind ×2
    20. DeceiverJammer bot
    21. Converter
    22. SheldonSheldon
    23. Wind
    24. Construction BotCon bot
    25. Wind ×2
    26. SheldonSheldon
    27. Mexfor Beach sea
    28. Wind ×2
    29. SheldonSheldon
    30. Wind
    31. Converter
    32. Wind
    33. Wind
    34. SheldonSheldon
    35. Wind
    36. PawnPawn
    37. Wind
    38. Con turret
    39. Wind
    40. Converter
    41. SheldonSheldon
    42. Wind ×2
    43. SumoSumodone 8:58
    44. Converter
    45. Wind ×4
    46. SumoSumo
    47. Converter
    48. Wind ×3
    49. Advanced Construction BotT2 con botfor Front
    50. Wind
    51. Converter
    52. Wind ×2
    53. TwitcherTwitcher
    54. Wind ×2
    55. Converter
    56. Wind ×5
    57. Converter
    58. Wind ×2
    59. AugurRadar bot
    60. Con turret
    61. Wind
    62. DeceiverJammer bot
    63. Wind ×2
    64. ArbiterArbiterdone 10:14
    65. Converter
    66. Wind
    67. ArbiterArbiter
    68. Con turret
    69. Wind ×3
    70. ArbiterArbiter
    71. Con turret
    72. Wind ×2
    73. Converter
    74. Wind ×4
    75. PersecutorPersecutordone 11:27
    76. Converter
    77. Wind ×6
    78. Converter
    79. ArbiterArbiter
    80. Wind ×2
    81. ArbiterArbiter
    82. Wind
    83. ArbiterArbiter
    84. Wind ×2
    85. Converter
    86. Wind
    87. MammothMammothdone 12:14
    88. Wind ×3
    89. Converter
    90. Wind ×5
    91. Converter
    92. Wind ×4
    93. DeceiverJammer bot
    94. AugurRadar bot
    95. Converter
    96. Wind ×2
    97. SkuttleCrawling bombdone 12:37
    98. Wind ×4
    99. SkuttleCrawling bomb
    100. Converter
    101. Con turret
    102. Wind ×4
    103. Converter
    104. Con turret
    105. Twin GuardTwin Guard
    106. Wind ×2
    107. Con turret
    108. Twin GuardTwin Guard
    109. SkuttleCrawling bomb
    110. Wind ×2
    111. Converter
    112. Wind
    113. Con turret
    114. Wind
    115. Advanced Construction BotT2 con bot
    116. Fortification WallFortification Wall
    117. Wind ×2
    118. Fortification WallFortification Wall
    119. Converter
    120. Twin GuardTwin Guard
    121. SkuttleCrawling bomb
    122. Wind ×2
    123. Fortification WallFortification Wall
    124. Converter
    125. Wind ×2
    126. Fortification WallFortification Wall
    127. Advanced Construction BotT2 con bot
    128. Wind
    129. ShroudShroud
    130. Converter
    131. Wind ×2
    132. TwitcherTwitcher
    133. Wind ×2
    134. Converter
    135. Wind ×5
    136. Converter
    137. Wind ×2
    138. Advanced Construction BotT2 con bot
    139. Wind

Counts are medians over the build's games: half of them build more, half fewer. The example game is Jockeljkl's (31 OS, 10/09/2026); pick another.

Team trades

IN AT LEAST 30% OF ITS GAMES

You hand over

  • Graverobber1 Graverobber to Beach seafirst at 2:20 · in 79% of games
  • Construction Bot1 Con bot to Beach seafirst at 2:36 · in 88% of games
  • Advanced Construction Bot1 T2 con bot to Suicide front or Frontfirst at 8:39 · in 55% of games

You get

  • Advanced Construction Bot1 T2 con bot from Techfirst at 4:55 · in 93% of games

How it plays out

Typical game of this build, running totals by minute

Metal produced

020k40k
0:005:0010:0015:00

metal

Enemy metal destroyed

05k10k
0:005:0010:0015:00

metal

Own metal lost

02k4k6k
0:005:0010:0015:00

metal

253 games.

Show as table
ByMetal produced: This buildEnemy metal destroyed: This buildOwn metal lost: This build
1:0034200
2:0087000
3:00150000
4:00266200
5:00368600
6:00558500
7:00788900
8:001095700
9:00138722144
10:0016778296180
11:00196051104725
12:002268322361400
13:002551240442397
14:002840258154304
15:003130778815756
WHAT THE NUMBERS SAY

Standard geo play wins less than half its games but builds a big eco lead, reaching nearly 31.5k metal production by 15:00.

  • + Metal production hits 16919 by 10:00, well ahead of most roles.
  • + Own metal lost stays near zero (260) by 10:00, a very safe tech rush.
  • − Team wins under half of games (46%).
  • − Enemy metal destroyed stays low (423) by 10:00, showing slow early impact.
THE EXAMPLE YOU ARE READING

Jockeljkl

30.8 OS · 10/09/2026

Open source match ↗

1 received units · includes a constructor
236 metal received · 73998 energy received

Allied construction assistance is unknown. Timings are observations, not a promise of solo reproducibility.

Typical milestones

Bot Lab1:13Middle 50%: 0:57–1:23 · n=252
Geothermal Powerplant3:25Middle 50%: 3:09–3:44 · n=252
Advanced Metal Extractor5:38Middle 50%: 5:20–6:04 · n=234
Advanced Geothermal Powerplant7:17Middle 50%: 6:54–7:46 · n=170
Advanced Bot Lab7:55Middle 50%: 7:31–8:28 · n=199
Sheldon8:42Middle 50%: 8:04–9:17 · n=169

Played most by

_Hawkey_20games of this buildzeus_on_god13games of this buildRogShotz12games of this buildGodmother139games of this buildViltrum9games of this build